| TOP OF THE 1ST |
|
San Diego (APP) Padres batting - Pitching for Ogden Raptors : RHP Bon John Bovi
|
|
Pitching: RHP Bon John Bovi
|
|
|
Batting: RHB Alex Collazo
|
0-0: Ball 1-0: Swinging Strike 1-1: Fly out, F8 (Flyball, 8LD, EV 100.0 MPH)
|
|
Batting: RHB Brian Klinkner
|
0-0: Called Strike 0-1: Ball 1-1: Ball 2-1: Foul Ball, location: 2F 2-2: Ball 3-2: Base on Balls
|
|
Batting: LHB Justin Daley
|
0-0: Ball 1-0: Ball 2-0: Ball 3-0: Called Strike 3-1: 2-RUN HOME RUN (Flyball, 9D, EV 100.0 MPH), Distance : 386 ft
|
|
Batting: RHB Norinaga Yamakawakamatsu
|
0-0: Foul Ball, location: 2F 0-1: Ground out 5-3 (Groundball, 56, EV 89.4 MPH)
|
|
Batting: RHB Max Stillo
|
0-0: Ball 1-0: Ball 2-0: Swinging Strike 2-1: Foul Ball, location: 2F 2-2: Foul Ball, location: 2F 2-2: Strikes out swinging
|
| Top of the 1st over - 2 runs, 1 hit, 0 errors, 0 left on base; San Diego (APP) 2 - Ogden 0 |
| BOTTOM OF THE 1ST |
|
Ogden Raptors batting - Pitching for San Diego (APP) Padres : LHP Bill Hussey
|
|
Pitching: LHP Bill Hussey
|
|
|
Batting: SHB Javy Franco
|
0-0: Bunt missed! 0-1: Ball 1-1: Swinging Strike 1-2: Foul Ball, location: 2F 1-2: Strikes out swinging
|
|
Batting: RHB Kekoa Kahele
|
0-0: Swinging Strike 0-1: SINGLE (Groundball, 34D, EV 100.0 MPH)
|
|
Batting: RHB Adam Maczko
|
0-0: Ball Wild Pitch! Kekoa Kahele to second 1-0: Ball 2-0: SINGLE (Flyball, 4D, EV 90.0 MPH) Kekoa Kahele to third
|
|
Batting: RHB Juan Gallegos
|
0-0: Called Strike 0-1: Ball 1-1: Foul Ball, location: 2F 1-2: Ball 2-2: Foul Ball, location: 2F 2-2: Foul Ball, location: 2F 2-2: Fielders Choice at 2nd, 2-6 (Groundball, 2R, EV 71.2 MPH)
|
|
Batting: LHB Pedro Garza
|
0-0: Called Strike 0-1: SINGLE (Groundball, 6D, EV 99.4 MPH) Kekoa Kahele scores Juan Gallegos to second
|
|
Batting: LHB Fernão Manta
|
0-0: Foul Ball, location: 2F 0-1: Fly out, F4 (Popup, 4, EV 76.2 MPH)
|
| Bottom of the 1st over - 1 run, 3 hits, 0 errors, 2 left on base; San Diego (APP) 2 - Ogden 1 |
| TOP OF THE 2ND |
|
San Diego (APP) Padres batting - Pitching for Ogden Raptors : RHP Bon John Bovi
|
|
Batting: RHB Ed Oake
|
0-0: Foul Ball, location: 2F 0-1: Ball 1-1: SINGLE (Groundball, 6, EV 98.8 MPH)
|
|
Batting: LHB Gary Corrales
|
0-0: Ball 1-0: Fly out, F8 (Flyball, 89D, EV 86.9 MPH)
|
|
Batting: RHB Gabriel Diaz
|
0-0: Called Strike 0-1: Ball 1-1: Foul Ball, location: 2F 1-2: Ball 2-2: Strikes out swinging
|
|
Batting: RHB Rod Johnson
|
0-0: Ball 1-0: Fielders Choice at 2nd, 6-4 (Groundball, 6, EV 88.1 MPH)
|
| Top of the 2nd over - 0 runs, 1 hit, 0 errors, 1 left on base; San Diego (APP) 2 - Ogden 1 |
| BOTTOM OF THE 2ND |
|
Ogden Raptors batting - Pitching for San Diego (APP) Padres : LHP Bill Hussey
|
|
Batting: RHB Chad Rojas
|
0-0: Called Strike 0-1: Ball 1-1: Ball 2-1: Ball 3-1: Called Strike 3-2: Foul Ball, location: 2F 3-2: Ground out 6-3 (Groundball, 6, EV 106.2 MPH)
|
|
Batting: SHB Jason Todd
|
0-0: Ground out 5-3 (Groundball, 56S, EV 86.9 MPH)
|
|
Batting: RHB Will Barksdale
|
0-0: Swinging Strike 0-1: Swinging Strike 0-2: Ball 1-2: Strikes out swinging
|
| Bottom of the 2nd over - 0 runs, 0 hits, 0 errors, 0 left on base; San Diego (APP) 2 - Ogden 1 |
| TOP OF THE 3RD |
|
San Diego (APP) Padres batting - Pitching for Ogden Raptors : RHP Bon John Bovi
|
|
Batting: RHB Alex Collazo
|
0-0: Ball 1-0: Ball 2-0: Ball 3-0: Called Strike 3-1: Base on Balls
|
|
Batting: RHB Brian Klinkner
|
0-0: Ball Wild Pitch! Alex Collazo to second 1-0: Ball 2-0: Fly out, F7 (Flyball, 78S, EV 88.8 MPH)
|
|
Batting: LHB Justin Daley
|
0-0: Ball 1-0: Called Strike 1-1: SINGLE (Groundball, 56D, EV 103.8 MPH) Alex Collazo to third Runner from 3rd tries for Home, SAFE, throw by LF to home
|
|
Batting: RHB Norinaga Yamakawakamatsu
|
0-0: Ball 1-0: Called Strike 1-1: Ball 2-1: Ball 3-1: Base on Balls Justin Daley to second
|
|
Batting: RHB Max Stillo
|
0-0: Ball Wild Pitch! Justin Daley to third Norinaga Yamakawakamatsu to second 1-0: Ball 2-0: Ball 3-0: Called Strike 3-1: Called Strike 3-2: Base on Balls
|
|
Batting: RHB Ed Oake
|
0-0: Called Strike 0-1: Foul Ball, location: 2F 0-2: Foul Ball, location: 2F 0-2: GRAND SLAM HOME RUN (Flyball, 89XD, EV 105.6 MPH), Distance : 431 ft
|
|
Pitching: RHP Chris Moody
|
|
|
Batting: LHB Gary Corrales
|
0-0: Called Strike 0-1: Ball 1-1: Ball 2-1: SINGLE (Groundball, 34D, EV 106.2 MPH)
|
|
Batting: RHB Gabriel Diaz
|
0-0: Ball 1-0: Foul Ball, location: 2F 1-1: Swinging Strike 1-2: Strikes out swinging
|
|
Batting: RHB Rod Johnson
|
0-0: Foul Ball, location: 2F 0-1: DOUBLE (Line Drive, 7LS, EV 101.2 MPH) Gary Corrales to third
|
|
Batting: RHB Alex Collazo
|
0-0: Called Strike 0-1: Swinging Strike 0-2: Ball 1-2: DOUBLE (Line Drive, 9LS, EV 100.6 MPH) Gary Corrales scores Rod Johnson scores
|
|
Batting: RHB Brian Klinkner
|
0-0: Foul Ball, location: 2F 0-1: Ball 1-1: Called Strike 1-2: Ball 2-2: Ball 3-2: Fly out, F8 (Flyball, 78D, EV 83.8 MPH)
|
| Top of the 3rd over - 7 runs, 5 hits, 0 errors, 1 left on base; San Diego (APP) 9 - Ogden 1 |
| BOTTOM OF THE 3RD |
|
Ogden Raptors batting - Pitching for San Diego (APP) Padres : LHP Bill Hussey
|
|
Batting: SHB Javy Franco
|
0-0: Called Strike 0-1: Ball 1-1: Ball 2-1: Ball 3-1: Foul Ball, location: 2F 3-2: Base on Balls
|
|
Batting: RHB Kekoa Kahele
|
0-0: Called Strike 0-1: Fly out, F7 (Flyball, 7, EV 80.0 MPH)
|
|
Batting: RHB Adam Maczko
|
0-0: SINGLE (Line Drive, 89M, EV 98.1 MPH) Javy Franco to second
|
|
Batting: RHB Juan Gallegos
|
0-0: Ball 1-0: Called Strike 1-1: Ball 2-1: Ball 3-1: Base on Balls Javy Franco to third Adam Maczko to second
|
|
Batting: LHB Pedro Garza
|
0-0: Foul Ball, location: 2F 0-1: Called Strike 0-2: Ball 1-2: Foul Ball, location: 2F 1-2: Ball 2-2: SINGLE (Line Drive, 8LS, EV 104.4 MPH) Javy Franco scores Adam Maczko to third Juan Gallegos to second
|
|
Batting: LHB Fernão Manta
|
0-0: Called Strike 0-1: Ball 1-1: Called Strike 1-2: Ball 2-2: Ball 3-2: Grounds into double play, 3-6-1 (Groundball, 34, EV 83.8 MPH)
|
| Bottom of the 3rd over - 1 run, 2 hits, 0 errors, 2 left on base; San Diego (APP) 9 - Ogden 2 |
| TOP OF THE 4TH |
|
San Diego (APP) Padres batting - Pitching for Ogden Raptors : RHP Chris Moody
|
|
Batting: LHB Justin Daley
|
0-0: Foul Ball, location: 2F 0-1: Ball 1-1: Ball 2-1: Ball 3-1: Foul Ball, location: 2F 3-2: Fly out, F8 (Line Drive, 8RD, EV 88.1 MPH)
|
|
Batting: RHB Norinaga Yamakawakamatsu
|
0-0: Ball 1-0: Called Strike 1-1: Called Strike 1-2: Foul Ball, location: 2F 1-2: Foul Ball, location: 2F 1-2: Ground out U3 (Groundball, 34S, EV 85.0 MPH)
|
|
Batting: RHB Max Stillo
|
0-0: Called Strike 0-1: Swinging Strike 0-2: Ball 1-2: Ball 2-2: Foul Ball, location: 2F 2-2: Foul Ball, location: 2F 2-2: Ball 3-2: Ground out 5-3 (Groundball, 56S, EV 91.9 MPH)
|
| Top of the 4th over - 0 runs, 0 hits, 0 errors, 0 left on base; San Diego (APP) 9 - Ogden 2 |
| BOTTOM OF THE 4TH |
|
Ogden Raptors batting - Pitching for San Diego (APP) Padres : LHP Bill Hussey
|
|
Batting: RHB Chad Rojas
|
0-0: Called Strike 0-1: Foul Ball, location: 2F 0-2: Strikes out looking
|
|
Batting: SHB Jason Todd
|
0-0: Called Strike 0-1: Ball 1-1: Ball 2-1: Ball 3-1: Called Strike 3-2: Foul Ball, location: 2F 3-2: Foul Ball, location: 2F 3-2: Ground out U3 (Groundball, 3S, EV 78.1 MPH)
|
|
Batting: RHB Will Barksdale
|
0-0: Reached on error, E2 (Groundball, 2R, EV 61.9 MPH)
|
|
Batting: SHB Javy Franco
|
0-0: Ball 1-0: Ball 2-0: Called Strike 2-1: Called Strike 2-2: Strikes out swinging
|
| Bottom of the 4th over - 0 runs, 0 hits, 1 error, 1 left on base; San Diego (APP) 9 - Ogden 2 |
| TOP OF THE 5TH |
|
San Diego (APP) Padres batting - Pitching for Ogden Raptors : RHP Chris Moody
|
|
Pitching: RHP Bill Dyck
|
|
|
Batting: RHB Ed Oake
|
0-0: Ball 1-0: Ball 2-0: Called Strike 2-1: Foul Ball, location: 2F 2-2: Ball 3-2: Base on Balls
|
|
Batting: LHB Gary Corrales
|
0-0: SINGLE (Groundball, 4MD, EV 105.0 MPH) Ed Oake to second Runner from 2nd tries for 3rd, SAFE, throw by CF made to third
|
|
Batting: RHB Gabriel Diaz
|
0-0: Called Strike 0-1: Called Strike 0-2: Strikes out swinging
|
|
Batting: RHB Rod Johnson
|
0-0: Called Strike 0-1: Foul Ball, location: 2F 0-2: Ball 1-2: Foul Ball, location: 2F 1-2: Fly out, F9 (Flyball, 9LS, EV 89.4 MPH)
|
|
Batting: RHB Alex Collazo
|
0-0: Foul Ball, location: 2F 0-1: Ball 1-1: Ball 2-1: Fielders Choice at 2nd, 5-4 (Groundball, 56, EV 90.0 MPH)
|
| Top of the 5th over - 0 runs, 1 hit, 0 errors, 2 left on base; San Diego (APP) 9 - Ogden 2 |
| BOTTOM OF THE 5TH |
|
Ogden Raptors batting - Pitching for San Diego (APP) Padres : LHP Bill Hussey
|
|
Batting: RHB Kekoa Kahele
|
0-0: Swinging Strike 0-1: Fly out, F9 (Line Drive, 9LM, EV 97.5 MPH)
|
|
Batting: RHB Adam Maczko
|
0-0: Ball 1-0: Ball 2-0: Foul Ball, location: 2F 2-1: Swinging Strike 2-2: Foul Ball, location: 2F 2-2: SINGLE (Line Drive, 9S, EV 95.6 MPH)
|
|
Batting: RHB Juan Gallegos
|
0-0: Called Strike 0-1: Ball 1-1: Swinging Strike 1-2: Strikes out looking
|
|
Pitching: RHP Danny Araiza
|
|
|
Batting: LHB Pedro Garza
|
0-0: Called Strike 0-1: Ball 1-1: Foul Ball, location: 2F 1-2: Fly out, F8 (Flyball, 8RXD, EV 81.2 MPH)
|
| Bottom of the 5th over - 0 runs, 1 hit, 0 errors, 1 left on base; San Diego (APP) 9 - Ogden 2 |
| TOP OF THE 6TH |
|
San Diego (APP) Padres batting - Pitching for Ogden Raptors : RHP Bill Dyck
|
|
Batting: RHB Brian Klinkner
|
0-0: Fly out, F3 (Line Drive, 34, EV 73.1 MPH)
|
|
Batting: LHB Justin Daley
|
0-0: Foul Ball, location: 2F 0-1: Ball 1-1: Fly out, F5 (Line Drive, 5, EV 68.8 MPH)
|
|
Batting: RHB Norinaga Yamakawakamatsu
|
0-0: Swinging Strike 0-1: Ball 1-1: Fly out, F8 (Flyball, 8LD, EV 97.5 MPH)
|
| Top of the 6th over - 0 runs, 0 hits, 0 errors, 0 left on base; San Diego (APP) 9 - Ogden 2 |
| BOTTOM OF THE 6TH |
|
Ogden Raptors batting - Pitching for San Diego (APP) Padres : RHP Danny Araiza
|
|
Batting: LHB Fernão Manta
|
0-0: Ball 1-0: Ball 2-0: SINGLE (Popup, 4D, EV 61.2 MPH)
|
|
Batting: RHB Chad Rojas
|
0-0: Ball 1-0: Ball 2-0: Ball 3-0: Called Strike 3-1: Base on Balls Fernão Manta to second
|
|
Batting: SHB Jason Todd
|
0-0: Ball 1-0: Ball 2-0: Foul Ball, location: 2F 2-1: Foul Ball, location: 2F 2-2: Fly out, F7 (Flyball, 78M, EV 89.4 MPH)
|
|
Batting: RHB Will Barksdale
|
0-0: Ball 1-0: Ball 2-0: Foul Ball, location: 2F 2-1: Foul Ball, location: 2F 2-2: Foul Ball, location: 2F 2-2: Ball 3-2: Foul Ball, location: 2F 3-2: Fielders Choice at 2nd, 5-4 (Groundball, 56S, EV 86.9 MPH) Fernão Manta to third
|
|
Batting: SHB Javy Franco
|
0-0: Called Strike 0-1: Ball 1-1: DOUBLE (Groundball, 3L, EV 95.0 MPH) Fernão Manta scores Will Barksdale to third
|
|
Batting: RHB Kekoa Kahele
|
0-0: Called Strike 0-1: Ball 1-1: Foul Ball, location: 2F 1-2: Foul Ball, location: 2F 1-2: Ball 2-2: Ball 3-2: Ground out 5-3 (Groundball, 5, EV 80.6 MPH)
|
| Bottom of the 6th over - 1 run, 2 hits, 0 errors, 2 left on base; San Diego (APP) 9 - Ogden 3 |
| TOP OF THE 7TH |
|
San Diego (APP) Padres batting - Pitching for Ogden Raptors : RHP Bill Dyck
|
|
Batting: RHB Max Stillo
|
0-0: Ball 1-0: Foul Ball, location: 2F 1-1: Foul Ball, location: 2F 1-2: Ball 2-2: Ball 3-2: Fly out, F9 (Flyball, 9S, EV 88.1 MPH)
|
|
Pitching: LHP Brian Gardner
|
|
|
Batting: RHB Ed Oake
|
0-0: Foul Ball, location: 2F 0-1: Ball 1-1: Called Strike 1-2: Ball 2-2: Strikes out looking
|
|
Batting: LHB Gary Corrales
|
0-0: Ball 1-0: Called Strike 1-1: Called Strike 1-2: Strikes out looking
|
| Top of the 7th over - 0 runs, 0 hits, 0 errors, 0 left on base; San Diego (APP) 9 - Ogden 3 |
| BOTTOM OF THE 7TH |
|
Ogden Raptors batting - Pitching for San Diego (APP) Padres : RHP Danny Araiza
|
|
Pitching: LHP Adelino Burns
|
|
|
Batting: RHB Adam Maczko
|
0-0: Ball 1-0: SOLO HOME RUN (Flyball, 7LD, EV 96.2 MPH), Distance : 386 ft
|
|
Batting: RHB Juan Gallegos
|
0-0: Foul Ball, location: 2F 0-1: Swinging Strike 0-2: Ball 1-2: Ball 2-2: Foul Ball, location: 2F 2-2: Ball 3-2: Base on Balls
|
|
Batting: LHB Pedro Garza
|
0-0: Called Strike 0-1: SINGLE (Groundball, 4MD, EV 103.1 MPH) Juan Gallegos to second
|
|
Batting: LHB Fernão Manta
|
0-0: Called Strike 0-1: Foul Ball, location: 2F 0-2: Ball 1-2: Foul Ball, location: 2F 1-2: Foul Ball, location: 2F 1-2: Foul Ball, location: 2F 1-2: Ball 2-2: Ball 3-2: 3-RUN HOME RUN (Flyball, 9D, EV 102.5 MPH), Distance : 388 ft
|
|
Pitching: RHP Bobby Franco
|
|
|
Pinch Hitting: SHB Jesus Gomez
|
0-0: Called Strike 0-1: Called Strike 0-2: Ball 1-2: Ball 2-2: Ball 3-2: Strikes out swinging
|
|
Batting: SHB Jason Todd
|
0-0: Ball 1-0: Foul Ball, location: 2F 1-1: Called Strike 1-2: Ball 2-2: SINGLE (Groundball, 56D, EV 96.2 MPH)
|
|
Batting: RHB Will Barksdale
|
0-0: Called Strike Jason Todd steals 2nd base 0-1: Foul Ball, location: 2F 0-2: Ground out 5-3 (Groundball, 56, EV 104.4 MPH)
|
|
Batting: SHB Javy Franco
|
0-0: Ball 1-0: Ball 2-0: Foul Ball, location: 2F 2-1: Ball 3-1: Base on Balls
|
|
Batting: RHB Kekoa Kahele
|
0-0: Called Strike 0-1: Ball 1-1: Ball 2-1: Ball 3-1: Called Strike 3-2: Base on Balls Jason Todd to third Javy Franco to second
|
|
Batting: RHB Adam Maczko
|
0-0: Ball 1-0: DOUBLE (Line Drive, 9LM, EV 105.6 MPH) Jason Todd scores Javy Franco scores Kekoa Kahele to third
|
|
Batting: RHB Juan Gallegos
|
0-0: Ball 1-0: Called Strike 1-1: Foul Ball, location: 2F 1-2: Ball 2-2: Strikes out swinging
|
| Bottom of the 7th over - 6 runs, 5 hits, 0 errors, 2 left on base; San Diego (APP) 9 - Ogden 9 |
| TOP OF THE 8TH |
|
San Diego (APP) Padres batting - Pitching for Ogden Raptors : LHP Brian Gardner
|
|
Now at SS: Brad Brady
|
|
|
Pinch Hitting: RHB Eric McMillian
|
0-0: Called Strike 0-1: Ball 1-1: SINGLE (Groundball, 56S, EV 68.8 MPH) (infield hit)
|
|
Batting: RHB Rod Johnson
|
0-0: Sac Bunt to 23 - play at first, batter OUT! 3-4 Eric McMillian to second
|
|
Batting: RHB Alex Collazo
|
0-0: Ball 1-0: Ground out 6-3 (Groundball, 56, EV 88.8 MPH)
|
|
Batting: RHB Brian Klinkner
|
0-0: Foul Ball, location: 2F 0-1: Ball 1-1: Foul Ball, location: 2F 1-2: SINGLE (Groundball, 56D, EV 111.2 MPH) Eric McMillian to third Runner from 3rd tries for Home, SAFE, throw by LF to home
|
|
Batting: LHB Justin Daley
|
0-0: SINGLE (Line Drive, 34, EV 98.8 MPH) Brian Klinkner to second Runner from 2nd tries for 3rd, SAFE, throw by RF made to third
|
|
Batting: RHB Norinaga Yamakawakamatsu
|
0-0: Fly out, F8 (Flyball, 8RD, EV 103.1 MPH)
|
| Top of the 8th over - 1 run, 3 hits, 0 errors, 2 left on base; San Diego (APP) 10 - Ogden 9 |
| BOTTOM OF THE 8TH |
|
Ogden Raptors batting - Pitching for San Diego (APP) Padres : RHP Bobby Franco
|
|
Now in CF: Adrian Cook
|
|
|
Batting: LHB Pedro Garza
|
0-0: Called Strike 0-1: Foul Ball, location: 2F 0-2: Ball 1-2: Ball 2-2: Ball 3-2: Strikes out swinging
|
|
Pitching: LHP Jay Bowen
|
|
|
Pinch Hitting: RHB David Watkins
|
0-0: DOUBLE (Flyball, 89XD, EV 92.5 MPH)
|
|
Pitching: RHP Chris Pisor
|
|
|
Batting: RHB Brad Brady
|
0-0: Foul Ball, location: 2F 0-1: Ball 1-1: Foul Ball, location: 2F 1-2: Ball 2-2: Ball Wild Pitch! David Watkins to third 3-2: Strikes out swinging
|
|
Batting: SHB Jason Todd
|
0-0: Called Strike 0-1: Foul Ball, location: 2F 0-2: Strikes out swinging
|
| Bottom of the 8th over - 0 runs, 1 hit, 0 errors, 1 left on base; San Diego (APP) 10 - Ogden 9 |
| TOP OF THE 9TH |
|
San Diego (APP) Padres batting - Pitching for Ogden Raptors : LHP Brian Gardner
|
|
Now in LF: Kekoa Kahele
|
|
|
Now in CF: Alex Noval
|
|
|
Batting: RHB Max Stillo
|
0-0: Ball 1-0: SINGLE (Line Drive, 89S, EV 88.8 MPH)
|
|
Pitching: RHP Francisco Guzman
|
|
|
Batting: RHB Ed Oake
|
0-0: Bunt missed! 0-1: Bunt missed! 0-2: Foul Ball, location: 2F 0-2: Grounds into double play, 4-6-3 (Groundball, 4, EV 80.6 MPH)
|
|
Batting: LHB Gary Corrales
|
0-0: Ball 1-0: Foul Ball, location: 2F 1-1: Called Strike 1-2: Ball 2-2: Ball 3-2: Ground out 5-3 (Groundball, 5, EV 93.1 MPH)
|
| Top of the 9th over - 0 runs, 1 hit, 0 errors, 0 left on base; San Diego (APP) 10 - Ogden 9 |
| BOTTOM OF THE 9TH |
|
Ogden Raptors batting - Pitching for San Diego (APP) Padres : RHP Chris Pisor
|
|
Now at 1B: Ricardo Ortiz
|
|
|
Batting: RHB Will Barksdale
|
0-0: Swinging Strike 0-1: Ball 1-1: Ball 2-1: Swinging Strike 2-2: Strikes out swinging
|
|
Batting: SHB Javy Franco
|
0-0: Called Strike 0-1: Ball 1-1: Swinging Strike 1-2: Foul Ball, location: 2F 1-2: Strikes out swinging
|
|
Batting: RHB Kekoa Kahele
|
0-0: Ball 1-0: Foul Ball, location: 2F 1-1: Called Strike 1-2: Ground out 5-3 (Groundball, 5, EV 100.6 MPH)
|
| Bottom of the 9th over - 0 runs, 0 hits, 0 errors, 0 left on base; San Diego (APP) 10 - Ogden 9 |
|